 Dungeon Crawl Stone Soup version 0.30.1-4-g462c640d31 (webtiles) character file.

Game seed: 1760119653664557062

1483 Babbit the Cleaver (level 8, -1/66 (70) HPs)
             Began as a Minotaur Fighter on Aug 29, 2023.
             Slain by Edmund
             ... wielding a +0 dire flail of draining
              (7 damage)
             ... on level 5 of the Dungeon on Aug 30, 2023.
             The game lasted 00:19:58 (4309 turns).

Babbit the Cleaver (Minotaur Fighter)               Turns: 4309, Time: 00:19:58

HP:   -1/66 (70)    AC: 13    Str: 22    XL:     8   Next: 50%
MP:   7/7           EV:  6    Int:  5    God:
Gold: 307           SH:  9    Dex: 11    Spells: 7/7 levels left

rFire   + . .        o - +5 hand axe (flame)
rCold   + + .        p - +0 kite shield
rNeg    . . .        v - +0 plate armour
rPois   .            (helmet restricted)
rElec   .            s - scarf {rC+ rF+}
rCorr   +            (no gloves)
SInv    .            (no boots)
Will    .....        (no amulet) Stlth
                     g - ring of resist corrosion
HPRegen 0.31/turn    f - ring of protection from cold
MPRegen 0.10/turn

%: no passive effects
@: mighty, drained
A: horns 2, retaliatory headbutt
a: no special abilities


You were on level 5 of the Dungeon.
You visited 1 branch of the dungeon, and saw 5 of its levels.

You collected 307 gold pieces.

Inventory:

Hand Weapons
 o - a +5 hand axe of flaming (weapon)
Missiles
 b - 3 throwing nets
 k - 2 boomerangs (quivered)
Armour
 p - a +0 kite shield (worn)
 s - a scarf of resistance (worn)
 v - a +0 plate armour (worn)
Jewellery
 f - a ring of protection from cold (right hand)
 g - a ring of resist corrosion (left hand)
 t - a +6 ring of intelligence
 u - a +6 ring of intelligence
 D - a ring of ice
Wands
 a - a wand of iceblast (7)
 y - a wand of polymorph (8)
Scrolls
 c - 2 scrolls of immolation {unknown}
 i - 2 scrolls of fog
 j - a scroll of amnesia {unknown}
 l - 2 scrolls of blinking {unknown}
 m - a scroll of fear {unknown}
 n - a scroll of teleportation {unknown}
 x - a scroll of noise {unknown}
Potions
 d - 2 potions of might
 e - 3 potions of curing
 h - 3 potions of brilliance
 q - 2 potions of resistance
 r - a potion of heal wounds {unknown}
 w - a potion of cancellation {unknown}
 z - 2 potions of haste {unknown}
 A - a potion of flight {unknown}
 B - a potion of lignification {unknown}
 C - a potion of berserk rage {unknown}


   Skills:
 + Level 5.9 Fighting
 + Level 8.2 Axes
 + Level 1.4 Throwing
 + Level 7.3 Armour
 + Level 1.5 Dodging
 + Level 0.8 Stealth
 + Level 6.1 Shields
 + Level 0.6 Unarmed Combat


You had 7 spell levels left.
You didn't know any spells.
Your spell library contained the following spells:

 Spells                   Type           Power      Damage    Failure   Level
 Beastly Appendage        Tmut           0%         N/A       100%        1
 Freeze                   Ice            0%         1d3       100%        1
 Blink                    Tloc           0%         N/A       100%        2
 Cigotuvi's Dreadful Rot  Necr/Pois/Air  0%         N/A       100%        2
 Lesser Beckoning         Tloc           0%         N/A       100%        2
 Momentum Strike          Conj/Tloc      0%         3d8       100%        2
 Wereblood                Tmut           0%         N/A       100%        2
 Frozen Ramparts          Ice            0%         1d1       100%        3
 Hailstorm                Conj/Ice       0%         3d3       100%        3
 Ignite Poison            Fire/Tmut/Pois 0%         N/A       100%        3
 Spider Form              Tmut/Pois      0%         N/A       100%        3
 Animate Armour           Summ/Erth      0%         N/A       100%        4
 Blade Hands              Tmut           0%         N/A       100%        5
 Freezing Cloud           Conj/Ice/Air   0%         6-21      100%        5
 Iron Shot                Conj/Erth      0%         9d1       100%        6


Dungeon Overview and Level Annotations

Branches:
Dungeon (5/15)
 Temple: D:4-7

Altars:
Qazlal

Annotations:
D:5 Edmund, Menkaure


Innate Abilities, Weirdness & Mutations

You have a pair of horns on your head.
You reflexively headbutt those who attack you in melee.


Message History

You kill the iguana!
HP restored.
Found 3 stones.
c - 2 scrolls labelled YKKAUBEUKE (gained 1)
You see here 3 stones.
You see here 3 stones.
There is a shaft here.
There is a shaft here.
There is a shaft here.
Menkaure, Prince of Dust comes into view.
Menkaure shouts!
Edmund the Younger comes into view.
He is wielding a +0 dire flail of draining.
Edmund shouts!
Menkaure calls on the powers of darkness!
Edmund convulses!
Your body is wracked with pain!
Edmund drinks a potion.
Edmund seems to grow stronger.
Menkaure sighs, "It doesn't hurt if you pull your brain out of your nose yourself."
You slash Menkaure! You burn Menkaure.
Menkaure is heavily damaged.
You hit Menkaure. You burn Menkaure. Your headbutt misses Menkaure.
Menkaure is almost destroyed.
You hit Edmund. You burn Edmund.
Edmund hits you with a +0 dire flail of draining!
* * * LOW HITPOINT WARNING * * *
You feel drained.
* * * LOW HITPOINT WARNING * * *
Menkaure mumbles some strange words.
Menkaure seems to speed up.
You feel very mighty all of a sudden. Menkaure barely misses you.
Edmund hits you with a +0 dire flail of draining!
* * * LOW HITPOINT WARNING * * *
You feel drained.
* * * LOW HITPOINT WARNING * * *
You completely miss Menkaure.
Menkaure is almost destroyed.
You barely miss Edmund. Menkaure hits you.
* * * LOW HITPOINT WARNING * * *
Edmund hits you with a +0 dire flail of draining!
You die...

.................#...#
....#...............##
####...............##
#.......#.........##
#.......#..<)....^##
####.................#
#......?.............#
#....@..........######
#....M@##########
#......# #......#
########


You could see Edmund (strong) and Menkaure (fast).

Vanquished Creatures
  Grinder (D:3)
  Sigmund (D:5)
  Eustachio (D:4)
  An ogre (D:4)
  A phantom (D:4)
  Blork the orc (D:4)
  A scorpion (D:5)
  2 jellies
  5 hounds
  A gnoll bouda (D:4)
  3 orc priests
  Terence (D:2)
  2 iguanas (D:5)
  An orc wizard (D:4)
  12 gnolls
  4 adders
  3 worms
  6 dart slugs
  25 orcs
  4 ball pythons
  9 bats
  7 endoplasms
  7 giant cockroaches
  3 goblins
  5 hobgoblins
  A jackal (D:2)
  A quokka (D:1)
  4 frilled lizards
  7 kobolds
  6 rats
126 creatures vanquished.

Vanquished Creatures (others)
  An orc (D:5)
1 creature vanquished.

Grand Total: 127 creatures vanquished

Notes
Turn   | Place    | Note
-------+----------+-------------------------------------------
     0 | D:1      | Babbit the Minotaur Fighter began the quest for the Orb.
     0 | D:1      | Reached XP level 1. HP: 19/19 MP: 0/0
   168 | D:1      | Reached XP level 2. HP: 27/27 MP: 1/1
   549 | D:1      | Found a faded altar of an unknown god.
   718 | D:2      | Noticed Terence
   742 | D:2      | Killed Terence
   743 | D:2      | Reached skill level 3 in Axes
   743 | D:2      | Reached XP level 3. HP: 17/33 MP: 2/2
   874 | D:2      | Reached XP level 4. HP: 39/40 MP: 3/3
   879 | D:2      | Reached skill level 1 in Throwing
  1078 | D:2      | Reached skill level 4 in Axes
  1409 | D:2      | Reached XP level 5. HP: 45/46 MP: 4/4
  1606 | D:3      | Reached skill level 5 in Armour
  1927 | D:3      | Noticed Grinder
  1937 | D:3      | Paralysed by Grinder for 4 turns
  1948 | D:3      | Paralysed by Grinder for 2 turns
  1950 | D:3      | Killed Grinder
  1951 | D:3      | Reached skill level 5 in Axes
  1951 | D:3      | Reached XP level 6. HP: 52/55 MP: 5/5
  2536 | D:4      | Noticed Blork the orc
  2544 | D:4      | Killed Blork the orc
  2545 | D:4      | Reached skill level 5 in Fighting
  2545 | D:4      | Reached skill level 6 in Axes
  2545 | D:4      | Reached XP level 7. HP: 23/61 MP: 6/6
  2810 | D:4      | Reached skill level 5 in Shields
  3148 | D:4      | Reached skill level 7 in Axes
  3368 | D:4      | Reached skill level 1 in Dodging
  3492 | D:5      | Entered Level 5 of the Dungeon
  3637 | D:5      | Reached XP level 8. HP: 63/68 MP: 7/7
  3797 | D:5      | Noticed Eustachio
  4006 | D:4      | Killed Eustachio
  4137 | D:5      | Noticed Sigmund
  4138 | D:5      | Found a stormy altar of Qazlal.
  4142 | D:5      | Killed Sigmund
  4143 | D:5      | Reached skill level 8 in Axes
  4302 | D:5      | Noticed Menkaure
  4302 | D:5      | Noticed Edmund
  4309 | D:5      | Slain by Edmund

Illustrated notes

Levels and vault maps discovered:
D:1:      dpeg_arrival_round_b, layout_basic, shapermc_ecumenical_altar_pompeii
D:2:      layout_rooms, corner_web_ring, minmay_joined_circles, uniq_terence
D:3:      cheibrodos_helix_gallery, layout_basic, uniq_grinder
D:4:      layout_cave_pods, cheibrodos_gnoll_hut, uniq_blork_the_orc
D:5:      layout_basic, grunt_qazlal_sundering, uniq_sigmund, uniq_eustachio,
          uniq_edmund, uniq_menkaure

Skill      XL: |  1  2  3  4  5  6  7  8 |
---------------+-------------------------+-----
Armour         | 4 5 6 7 |  7.3
Shields        | 4 5 6 |  6.1
Axes           | 3 4 5 6 7 8 |  8.2
Fighting       | 4 5 |  5.9
Throwing       | 1 |  1.4
Dodging        | 1 |  1.5
Stealth        | |  0.8
Unarmed Combat | |  0.6

Action                     |  1- 3 |  4- 6 |  7- 9 || total
---------------------------+-------+-------+-------++-------
  Melee: War axe           |    53 |    99 |       ||   152
         Headbutt          |     4 |    16 |    13 ||    33
         Hand axe          |       |    49 |    94 ||   143
         Unarmed           |       |       |     5 ||     5
  Throw: Boomerang         |     8 |     3 |       ||    11
    Use: Scroll            |       |     4 |     5 ||     9
         Potion            |       |       |     1 ||     1
   Stab: Confused          |       |       |     1 ||     1
 Armour: Scale mail        |    24 |    24 |       ||    48
         Plate armour      |       |    76 |    57 ||   133
         Skin              |       |       |    10 ||    10
  Dodge: Dodged            |    25 |    48 |    54 ||   127
  Block: Buckler           |    12 |    27 |       ||    39
         Kite shield       |       |    19 |    46 ||    65
